[ PARTIDA AOE2 · #507079494 ]
UnrankedMalíes vs Lithuanians
Equipo del jugador · DERR
Equipo rival · VICT
[ ANÁLISIS DE REPETICIÓN · EXTRAÍDO DE LA PARTIDA GRABADA ]
Feudal
11:22
Castillos
15:09
Imperial
—
| APM promedio | 58.9 |
| APM pico | 126 |
| eAPM promedio | 32.2 |
| Aldeanos / militares | 119 / 32 |
Foco
⚔️ 37.7% · 🌾 62.3%
Skirmisher ×20 · Monk ×9 · Cavalry Archer ×3
Feudal
10:11
Castillos
18:06
Imperial
—
| APM promedio | 50.1 |
| APM pico | 70 |
| eAPM promedio | 26.2 |
| Aldeanos / militares | 109 / 47 |
Foco
⚔️ 51.7% · 🌾 48.3%
Archer ×29 · Knight ×13 · Monk ×2 · Militia ×2 · Spearman ×1
Mapa de la partida
Recursos iniciales + cada clic de construcción. Líneas = muros · curvas = relieve. ◆ oro · ⬟ piedra · ● bayas · ✦ reliquia · ◌ hueco del cierre
Tu base· Abierta — flanco sin cerrar
Base de CNZS_Dadaya· ✓ Cerrada en 18:06 · 19t muro · 1 puerta(s)
Terreno inicial suavizado · ◌ = hueco del cierre detectado · pasá el cursor para detalles
Inputs por minuto
— Hannibal - - CNZS_Dadaya
Build order — Hannibal
Primeras 150 de 280 acciones detectadas
| 0:00 | Encolar | Villager (Male) |
| 0:00 | Encolar | Villager (Male) |
| 0:02 | Construir | House |
| 0:06 | Encolar | Villager (Male) |
| 0:11 | Encolar | Villager (Male) |
| 1:18 | Construir | House |
| 1:19 | Construir | House |
| 1:25 | Encolar | Villager (Male) |
| 1:43 | Encolar | Villager (Male) |
| 2:07 | Construir | Lumber Camp |
| 2:24 | Encolar | Villager (Male) |
| 2:46 | Encolar | Villager (Male) |
| 3:08 | Encolar | Villager (Male) |
| 3:27 | Construir | Mill |
| 3:31 | Encolar | Villager (Male) |
| 3:31 | Encolar | Villager (Male) |
| 4:02 | Encolar | Villager (Male) |
| 4:28 | Encolar | Villager (Male) |
| 4:54 | Encolar | Villager (Male) |
| 4:56 | Construir | House |
| 4:57 | Construir | House |
| 5:00 | Encolar | Villager (Male) |
| 5:13 | Construir | Mining Camp |
| 5:19 | Encolar | Villager (Male) |
| 5:42 | Encolar | Villager (Male) |
| 5:57 | Encolar | Villager (Male) |
| 6:16 | Encolar | Villager (Male) |
| 6:32 | Encolar | Villager (Male) |
| 6:49 | Encolar | Villager (Male) |
| 7:26 | Construir | Palisade Wall |
| 7:43 | Investigar | Loom |
| 7:46 | Construir | Palisade Wall |
| 8:12 | Construir | Palisade Gate |
| 8:18 | Encolar | Villager (Male) |
| 8:26 | Construir | Palisade Gate |
| 8:33 | Construir | House |
| 8:35 | Construir | Palisade Wall |
| 8:38 | Encolar | Villager (Male) |
| 8:53 | Construir | Palisade Gate |
| 9:12 | Investigar | Feudal Age |
| 9:40 | Construir | Farm |
| 9:49 | Construir | Barracks |
| 9:53 | Construir | Barracks |
| 10:46 | Encolar | Villager (Male) |
| 10:46 | Encolar | Villager (Male) |
| 11:09 | Construir | House |
| 11:22 | Edad | Edad Feudal |
| 11:23 | Construir | Archery Range |
| 11:26 | Construir | Blacksmith |
| 11:31 | Construir | Archery Range |
| 12:05 | Construir | Farm |
| 12:06 | Construir | Farm |
| 12:20 | Construir | Palisade Wall |
| 12:29 | Investigar | Castle Age |
| 12:42 | Construir | Palisade Wall |
| 12:50 | Encolar | Skirmisher |
| 12:57 | Construir | Farm |
| 12:58 | Construir | Farm |
| 13:28 | Investigar | Double-Bit Axe |
| 13:28 | Investigar | Double-Bit Axe |
| 13:29 | Encolar | Skirmisher |
| 13:49 | Investigar | Horse Collar |
| 14:01 | Encolar | Skirmisher |
| 14:15 | Construir | Farm |
| 14:55 | Encolar | Villager (Male) |
| 15:09 | Edad | Edad de los Castillos |
| 15:11 | Encolar | Villager (Male) |
| 15:13 | Encolar | Cavalry Archer |
| 15:14 | Encolar | Villager (Male) |
| 15:17 | Construir | Town Center |
| 15:30 | Investigar | Fletching |
| 15:36 | Encolar | Villager (Male) |
| 15:45 | Encolar | Villager (Male) |
| 15:55 | Construir | Town Center |
| 15:59 | Construir | Farm |
| 16:06 | Encolar | Cavalry Archer |
| 16:14 | Construir | House |
| 16:15 | Construir | Palisade Wall |
| 16:27 | Construir | Farm |
| 16:34 | Investigar | Bow Saw |
| 16:36 | Encolar | Villager (Male) |
| 16:37 | Encolar | Villager (Male) |
| 16:48 | Encolar | Skirmisher |
| 16:52 | Encolar | Cavalry Archer |
| 16:53 | Encolar | Villager (Male) |
| 16:58 | Construir | House |
| 17:03 | Encolar | Villager (Male) |
| 17:05 | Construir | Farm |
| 17:12 | Encolar | Villager (Male) |
| 17:16 | Construir | Farm |
| 17:22 | Encolar | Villager (Male) |
| 17:24 | Construir | House |
| 17:25 | Construir | House |
| 17:34 | Construir | Farm |
| 17:34 | Encolar | Villager (Male) |
| 17:38 | Construir | Farm |
| 17:50 | Construir | Farm |
| 17:55 | Construir | Farm |
| 17:57 | Encolar | Villager (Male) |
| 18:03 | Construir | Farm |
| 18:07 | Construir | Farm |
| 18:07 | Encolar | Villager (Male) |
| 18:14 | Construir | House |
| 18:26 | Construir | Farm |
| 18:29 | Construir | House |
| 18:30 | Construir | House |
| 18:32 | Encolar | Villager (Male) |
| 18:40 | Construir | Farm |
| 18:54 | Encolar | Skirmisher |
| 18:58 | Investigar | Fletching |
| 19:03 | Construir | Farm |
| 19:07 | Construir | Palisade Gate |
| 19:10 | Construir | Farm |
| 19:17 | Encolar | Villager (Male) |
| 19:19 | Construir | Farm |
| 19:21 | Construir | Farm |
| 19:24 | Construir | House |
| 19:25 | Encolar | Villager (Male) |
| 19:31 | Encolar | Skirmisher |
| 19:32 | Encolar | Skirmisher |
| 19:46 | Construir | Farm |
| 19:49 | Encolar | Villager (Male) |
| 19:57 | Encolar | Villager (Male) |
| 20:06 | Encolar | Villager (Male) |
| 20:10 | Construir | Monastery |
| 20:21 | Encolar | Skirmisher |
| 20:27 | Encolar | Villager (Male) |
| 20:27 | Encolar | Villager (Male) |
| 20:32 | Construir | Farm |
| 20:33 | Encolar | Villager (Male) |
| 20:38 | Construir | Farm |
| 20:39 | Construir | Farm |
| 20:42 | Encolar | Villager (Male) |
| 20:45 | Construir | Farm |
| 20:53 | Construir | Farm |
| 20:55 | Encolar | Monk |
| 20:58 | Encolar | Villager (Male) |
| 20:59 | Encolar | Villager (Male) |
| 21:03 | Encolar | Villager (Male) |
| 21:09 | Encolar | Villager (Male) |
| 21:18 | Encolar | Villager (Male) |
| 21:28 | Encolar | Monk |
| 21:33 | Encolar | Villager (Male) |
| 21:33 | Encolar | Villager (Male) |
| 21:38 | Construir | Farm |
| 21:39 | Encolar | Villager (Male) |
| 21:42 | Construir | Farm |
| 21:43 | Construir | Farm |
| 21:43 | Construir | Farm |
| 21:43 | Construir | Farm |
Build order — CNZS_Dadaya
Primeras 150 de 239 acciones detectadas
| 0:00 | Encolar | Villager (Male) |
| 0:00 | Encolar | Villager (Male) |
| 0:00 | Encolar | Villager (Male) |
| 0:01 | Construir | House |
| 0:02 | Construir | House |
| 0:06 | Encolar | Villager (Male) |
| 0:10 | Encolar | Villager (Male) |
| 0:10 | Encolar | Villager (Male) |
| 1:00 | Construir | Lumber Camp |
| 1:29 | Encolar | Villager (Male) |
| 1:30 | Encolar | Villager (Male) |
| 1:49 | Encolar | Villager (Male) |
| 1:50 | Encolar | Villager (Male) |
| 2:21 | Encolar | Villager (Male) |
| 2:21 | Encolar | Villager (Male) |
| 2:57 | Encolar | Villager (Male) |
| 3:22 | Construir | House |
| 3:31 | Encolar | Villager (Male) |
| 3:31 | Encolar | Villager (Male) |
| 3:49 | Construir | Barracks |
| 4:20 | Encolar | Villager (Male) |
| 4:37 | Encolar | Villager (Male) |
| 4:45 | Encolar | Militia |
| 4:45 | Encolar | Militia |
| 5:07 | Construir | House |
| 5:08 | Construir | House |
| 5:25 | Encolar | Villager (Male) |
| 5:46 | Encolar | Villager (Male) |
| 5:51 | Construir | House |
| 6:01 | Encolar | Villager (Male) |
| 6:33 | Encolar | Villager (Male) |
| 6:41 | Construir | House |
| 6:45 | Investigar | Loom |
| 6:49 | Construir | Mill |
| 7:36 | Encolar | Villager (Male) |
| 7:53 | Construir | Palisade Wall |
| 7:59 | Investigar | Feudal Age |
| 8:26 | Construir | Mining Camp |
| 9:01 | Encolar | Villager (Male) |
| 9:01 | Encolar | Villager (Male) |
| 9:39 | Construir | Palisade Wall |
| 10:11 | Edad | Edad Feudal |
| 10:13 | Construir | Archery Range |
| 10:14 | Investigar | Double-Bit Axe |
| 10:19 | Construir | Palisade Gate |
| 10:28 | Encolar | Spearman |
| 10:29 | Encolar | Villager (Male) |
| 10:55 | Encolar | Villager (Male) |
| 10:58 | Construir | Farm |
| 11:00 | Construir | Farm |
| 11:05 | Construir | Farm |
| 11:06 | Encolar | Archer |
| 11:07 | Encolar | Archer |
| 11:08 | Encolar | Villager (Male) |
| 11:28 | Construir | Farm |
| 11:42 | Construir | Farm |
| 11:50 | Encolar | Archer |
| 11:51 | Encolar | Villager (Male) |
| 11:53 | Encolar | Archer |
| 12:03 | Construir | Farm |
| 12:14 | Encolar | Villager (Male) |
| 12:55 | Encolar | Villager (Male) |
| 13:00 | Construir | Blacksmith |
| 13:13 | Encolar | Archer |
| 13:16 | Encolar | Villager (Male) |
| 13:37 | Construir | Farm |
| 13:38 | Investigar | Horse Collar |
| 13:41 | Encolar | Villager (Male) |
| 13:50 | Construir | House |
| 13:51 | Construir | House |
| 14:08 | Encolar | Villager (Male) |
| 14:24 | Encolar | Archer |
| 14:46 | Encolar | Villager (Male) |
| 15:09 | Encolar | Archer |
| 15:27 | Investigar | Castle Age |
| 15:27 | Investigar | Castle Age |
| 15:43 | Construir | Stable |
| 15:53 | Investigar | Horse Collar |
| 15:58 | Encolar | Archer |
| 16:20 | Construir | Farm |
| 16:22 | Construir | Farm |
| 16:25 | Construir | Farm |
| 16:31 | Construir | Farm |
| 16:33 | Construir | Farm |
| 16:41 | Construir | Palisade Wall |
| 16:43 | Encolar | Archer |
| 16:43 | Encolar | Archer |
| 16:50 | Investigar | Fletching |
| 16:58 | Construir | Farm |
| 17:04 | Encolar | Villager (Male) |
| 17:07 | Encolar | Villager (Male) |
| 17:21 | Construir | Lumber Camp |
| 17:29 | Investigar | Scale Barding Armor |
| 17:45 | Encolar | Archer |
| 18:06 | Edad | Edad de los Castillos |
| 18:08 | Encolar | Knight |
| 18:18 | Investigar | Bodkin Arrow |
| 18:21 | Construir | Town Center |
| 18:26 | Encolar | Villager (Male) |
| 18:33 | Encolar | Knight |
| 18:33 | Encolar | Knight |
| 18:47 | Encolar | Villager (Male) |
| 19:03 | Construir | Farm |
| 19:03 | Construir | Farm |
| 19:13 | Encolar | Villager (Male) |
| 19:36 | Encolar | Archer |
| 19:38 | Construir | House |
| 19:39 | Construir | House |
| 19:43 | Investigar | Crossbowman (upgrade) |
| 19:48 | Encolar | Archer |
| 19:49 | Encolar | Archer |
| 19:54 | Encolar | Villager (Male) |
| 19:55 | Encolar | Villager (Male) |
| 19:56 | Encolar | Villager (Male) |
| 19:59 | Construir | Monastery |
| 20:05 | Encolar | Villager (Male) |
| 20:15 | Encolar | Villager (Male) |
| 20:21 | Encolar | Villager (Male) |
| 20:44 | Construir | Farm |
| 20:45 | Encolar | Villager (Male) |
| 20:52 | Encolar | Villager (Male) |
| 20:53 | Construir | Farm |
| 21:05 | Encolar | Monk |
| 21:11 | Encolar | Villager (Male) |
| 21:14 | Construir | Farm |
| 21:16 | Encolar | Knight |
| 21:24 | Encolar | Villager (Male) |
| 21:24 | Encolar | Villager (Male) |
| 21:27 | Construir | House |
| 21:28 | Construir | House |
| 21:30 | Construir | Farm |
| 21:38 | Encolar | Villager (Male) |
| 21:45 | Encolar | Archer |
| 21:55 | Encolar | Knight |
| 21:56 | Encolar | Villager (Male) |
| 22:06 | Construir | House |
| 22:08 | Encolar | Villager (Male) |
| 22:13 | Encolar | Villager (Male) |
| 22:17 | Encolar | Archer |
| 22:33 | Encolar | Villager (Male) |
| 22:37 | Construir | House |
| 22:39 | Encolar | Villager (Male) |
| 22:39 | Encolar | Villager (Male) |
| 22:41 | Encolar | Archer |
| 22:44 | Encolar | Villager (Male) |
| 22:45 | Encolar | Villager (Male) |
| 22:49 | Encolar | Villager (Male) |
| 22:49 | Encolar | Villager (Male) |
| 23:01 | Encolar | Archer |
| 23:14 | Encolar | Villager (Male) |
Cronología de la partida
| 3:49 | CNZS_Dadaya · first_building Barracks |
| 7:26 | Hannibal · wall_segment Palisade Wall x3 |
| 7:46 | Hannibal · wall_segment Palisade Wall x1 |
| 7:53 | CNZS_Dadaya · wall_segment Palisade Wall x17 |
| 8:35 | Hannibal · wall_segment Palisade Wall x1 |
| 9:39 | CNZS_Dadaya · wall_segment Palisade Wall x1 |
| 9:49 | Hannibal · first_building Barracks |
| 10:11 | CNZS_Dadaya · age_up feudal |
| 10:13 | CNZS_Dadaya · first_building Archery Range |
| 11:22 | Hannibal · age_up feudal |
| 11:23 | Hannibal · first_building Archery Range |
| 12:20 | Hannibal · wall_segment Palisade Wall x11 |
| 12:42 | Hannibal · wall_segment Palisade Wall x3 |
| 15:09 | Hannibal · age_up castle |
| 15:43 | CNZS_Dadaya · first_building Stable |
| 16:15 | Hannibal · wall_segment Palisade Wall x1 |
| 16:41 | CNZS_Dadaya · wall_segment Palisade Wall x1 |
| 18:06 | CNZS_Dadaya · age_up castle |
| 19:59 | CNZS_Dadaya · first_building Monastery |
| 20:10 | Hannibal · first_building Monastery |
| 23:48 | Hannibal · first_building Stable |
| 24:26 | CNZS_Dadaya · first_building Castle |
| 29:50 | Hannibal · resign |
[ ANÁLISIS IA · 1 CRÉDITO ]
¿Qué pasó realmente en esta partida?
Wolo.gg analiza cada decisión: build order, eco, micro, errores típicos por bracket. Análisis personalizado por WhatsApp o Discord en 30 segundos.
Guía civ
Malíes
Perfil
Jugador #1350868